 Dungeon Crawl Stone Soup version 0.22.1-1-ga44c0e5 (webtiles) character file.

282 Velaskes the Chiller (level 6, 0/33 HPs)
             Began as a Deep Elf Ice Elementalist on Nov 5, 2018.
             Succumbed to a scorpion's poison
             ... on level 4 of the Dungeon.
             The game lasted 00:22:57 (4192 turns).

Velaskes the Chiller (Deep Elf Ice Elementalist)    Turns: 4192, Time: 00:22:58

Health: 0/33       AC:  4    Str:  6    XL:     6   Next: 6%
Magic:  9/16       EV: 13    Int: 26    God:
Gold:   115        SH:  0    Dex: 15    Spells: 12/15 levels left

rFire    . . .     SeeInvis .   b - +0 club
rCold    . . .     Gourm    .   (no shield)
rNeg     . . .     Faith    .   a - +0 robe
rPois    .         Spirit   .   e - +0 helmet
rElec    .         Reflect  .   g - +0 cloak
rCorr    .         Harm     .   (no gloves)
MR       .....                  (no boots)
Stlth    ++........             (no amulet)
HPRegen  0.11/turn              (no ring)
MPRegen  0.15/turn              (no ring)

@: brilliant, lethally poisoned (0 -> -7), very slightly contaminated
A: no striking features
a: no special abilities


You were on level 4 of the Dungeon.
You were hungry.

You visited 1 branch of the dungeon, and saw 4 of its levels.
You also visited: Sewer.

You collected 115 gold pieces.

Inventory:

Hand Weapons
 b - a +0 club (weapon)
Armour
 a - a +0 robe (worn)
 e - a +0 helmet (worn)
 g - a +0 cloak (worn)
 i - a +0 chain mail
Wands
 h - a wand of polymorph (22)
Scrolls
 d - 2 scrolls of fog
 k - a scroll of blinking
 m - a scroll of remove curse
Potions
 l - a potion of brilliance
Comestibles
 c - 4 rations


   Skills:
 + Level 0.5 Fighting
 + Level 0.2 Maces & Flails
 + Level 2.8 Dodging
 + Level 2.8 Stealth
 + Level 5.3 Spellcasting
 + Level 1.7 Conjurations
 + Level 5.8 Ice Magic


You had 12 spell levels left.
You knew the following spells:

 Your Spells              Type           Power        Failure   Level  Hunger
a - Freeze                Ice            ####         1%          1    None
b - Throw Frost           Conj/Ice       #####.       1%          2    None

Your spell library contained the following spells:

 Spells                   Type           Power        Failure   Level  Hunger
 Ozocubu's Armour         Chrm/Ice       #####...     1%          3    #......
 Throw Icicle             Conj/Ice       #####...     1%          4    ###....
 Summon Ice Beast         Ice/Summ       #####...     2%          4    ###....


Dungeon Overview and Level Annotations

Branches:
Dungeon (4/15)
 Temple: D:4-7

Altars:
Ru
Xom


Message History

You feel sick.
* * * LOW HITPOINT WARNING * * *
You feel sick.
* * * LOW HITPOINT WARNING * * *
You feel sick.
* * * LOW HITPOINT WARNING * * *
You feel sick.
* * * LOW HITPOINT WARNING * * *
You feel sick.
* * * LOW HITPOINT WARNING * * *
You feel sick.
Okay, then.
As you read the scroll labeled FEUKLO WEGHIVVEU, it crumbles to dust.
You assume a fearsome visage.
Nothing appears to happen.
It was a scroll of fear.
* * * LOW HITPOINT WARNING * * *
You feel sick.
* * * LOW HITPOINT WARNING * * *
You feel sick.
You die...

#### #... ##..#
########..#
#########.......@#
#...##....########
§§...#.####
§§.....# §.$...##
§§..... .....#.
#..^## #####


There were no monsters in sight!

Vanquished Creatures
  2 scorpions (D:4)
  A hound (D:3)
  Robin (D:3)
  4 adders
  A river rat (D:3)
  An ooze (D:3)
  2 worms
  6 leopard geckos
  3 ball pythons (Sewer)
  3 bats (D:1)
  7 giant cockroaches
  17 goblins
  4 hobgoblins
  4 jackals
  2 quokkas
  7 frilled lizards
  9 kobolds
  8 rats
82 creatures vanquished.

Vanquished Creatures (others)
  A plant (Sewer)
1 creature vanquished.

Grand Total: 83 creatures vanquished

Notes
Turn   | Place    | Note
-------+----------+-------------------------------------------
     0 | D:1      | Velaskes the Deep Elf Ice Elementalist began the quest for
                  | the Orb.
     0 | D:1      | Reached XP level 1. HP: 10/10 MP: 6/6
   143 | D:1      | Reached XP level 2. HP: 9/15 MP: 5/8
   173 | D:1      | Learned a level 2 spell: Throw Frost
  1249 | D:1      | Reached XP level 3. HP: 19/19 MP: 4/9
  2022 | D:2      | Found a shimmering altar of Xom.
  2041 | D:2      | Reached XP level 4. HP: 24/24 MP: 6/11
  2380 | D:3      | Found a sacrificial altar of Ru.
  2637 | D:3      | Found a glowing drain.
  2641 | Sewer    | Entered a sewer
  3441 | D:3      | Reached skill level 5 in Ice Magic
  3450 | D:3      | Noticed Robin
  3467 | D:3      | Killed Robin
  3469 | D:3      | HP: 1/24 [goblin/dagger[Robin] (3)]
  3475 | D:3      | Reached XP level 5. HP: 24/28 MP: 1/13
  4167 | D:4      | Reached skill level 5 in Spellcasting
  4173 | D:4      | Reached XP level 6. HP: 23/33 MP: 6/16
  4189 | D:4      | HP: 1/33 [poisoned by a scorpion]
  4192 | D:4      | Succumbed to a scorpion's poison

Skill      XL: |  1  2  3  4  5 |
---------------+----------------+-----
Ice Magic      | 4 5 |  5.8
Spellcasting   | 4 5 |  5.3
Fighting       | |  0.5
Maces & Flails | |  0.2
Dodging        | |  2.8
Stealth        | |  2.8
Conjurations   | |  1.7

Action                   |  1- 3 |  4- 6 || total
-------------------------+-------+-------++-------
Melee: Unarmed           |    14 |       ||    14
       Club              |    15 |    84 ||    99
 Cast: Freeze            |    21 |    50 ||    71
       Throw Frost       |    28 |    19 ||    47
  Use: Scroll            |     2 |     4 ||     6
       Potion            |       |     4 ||     4
  Eat: Chunk             |     1 |       ||     1
       Ration            |     1 |     2 ||     3
Armor: Robe              |    15 |    16 ||    31
Dodge: Dodged            |    38 |    73 ||   111
